 Dungeon Crawl Stone Soup version 0.24.1-14-gf8d2b50 (webtiles) character file.

Game seed: 8000099283415230049, levelgen mode: deterministic

8989 silenth the Summoner (level 11, -5/64 HPs)
             Began as a Deep Elf Summoner on June 12, 2020.
             Was a Follower of Ashenzari.
             Slain by an unseen horror (11 damage)
             ... on level 11 of the Dungeon.
             The game lasted 00:25:52 (13314 turns).

silenth the Summoner (Deep Elf Summoner)           Turns: 13314, Time: 00:25:52

Health: -5/64      AC:  4    Str:  8    XL:     11   Next: 17%
Magic:  16/27      EV: 13    Int: 24    God:    Ashenzari [*.....]
Gold:   633        SH:  7    Dex: 17    Spells: 16/30 levels left

rFire    . . .     SeeInvis .   a - +5 trident of the Skies Above {drain, +Inv Str+3} (curse)
rCold    + . .     Gourm    .   A - +2 buckler (curse)
rNeg     . . .     Faith    .   N - +1 robe {rC+} (curse)
rPois    +         Spirit   .   h - +2 helmet (curse)
rElec    .         Reflect  .   (no cloak)
rCorr    .         Harm     .   s - +1 pair of gloves (curse)
MR       +....                  (no boots)
Stlth    ++........             (no amulet)
HPRegen  0.20/turn              w - ring of poison resistance (curse)
MPRegen  0.20/turn              M - +2 ring of dexterity

@: corroded
A: no striking features
a: Curse Item, Scrying, Renounce Religion, Evoke Invisibility


You were on level 11 of the Dungeon.
You worshipped Ashenzari.
Ashenzari was aware of your devotion.
You were not hungry.

You visited 2 branches of the dungeon, and saw 12 of its levels.

You collected 633 gold pieces.

Inventory:

Hand Weapons
 a - the cursed +5 trident of the Skies Above (weapon) {drain, +Inv Str+3}
   (You found it on level 4 of the Dungeon)

   A truly terrible weapon, it drains the life of those it strikes.
   It affects your strength (+3).
   It lets you turn invisible.
   It has a curse placed upon it.
 l - a +0 dagger of venom
 D - a +2 short sword of speed
 G - a +0 dagger of electrocution
Missiles
 d - 33 poisoned darts (quivered)
Armour
 h - a cursed +2 helmet (worn)
 s - a cursed +1 pair of gloves (worn)
 A - a cursed +2 buckler (worn)
 N - a cursed +1 robe of cold resistance (worn)
 R - a +0 troll leather armour
Magical Staves
 P - an uncursed staff of conjuration
Jewellery
 t - an uncursed ring of positive energy
 w - a cursed ring of poison resistance (left hand)
 M - a +2 ring of dexterity (right hand)
 Q - an uncursed ring of protection from cold
Wands
 v - a wand of disintegration (18)
 y - a wand of random effects (14)
 z - a wand of flame (50)
 F - a wand of iceblast (14)
 H - a wand of digging (7)
 J - a wand of acid (7)
 L - a wand of paralysis (4)
Scrolls
 i - a scroll of identify
 k - 4 scrolls of immolation
 m - 3 scrolls of magic mapping
 n - 5 scrolls of teleportation
 o - 3 scrolls of blinking
 p - 2 scrolls of fear
 r - 2 scrolls of remove curse
 E - 3 scrolls of amnesia
 K - a scroll of enchant weapon
Potions
 b - a potion of agility
 c - 2 potions of might {unknown}
 f - a potion of resistance
 g - 3 potions of brilliance
 j - a potion of mutation
 q - a potion of flight {unknown}
 u - 4 potions of curing
 x - 3 potions of cancellation {unknown}
 B - a potion of lignification {unknown}
 C - a potion of haste {unknown}
 I - 3 potions of heal wounds {unknown}
 O - a potion of berserk rage {unknown}
Comestibles
 e - 16 rations
 S - a chunk of flesh


   Skills:
 + Level 5.7 Fighting
 + Level 0.7 Polearms
 - Level 1.0 Armour
 - Level 2.4 Dodging
 - Level 2.4 Stealth
 - Level 4.0 Shields
 - Level 10.0 Spellcasting
 + Level 10.7 Summonings
 + Level 7.1 Ice Magic
 + Level 6.4 Air Magic
 + Level 2.7 Evocations


You had 16 spell levels left.
You knew the following spells:

 Your Spells              Type           Power        Failure   Level  Hunger
a - Summon Small Mammal   Summ           ####         1%          1    None
b - Call Imp              Summ           ######..     1%          2    None
c - Call Canine Familiar  Summ           ######..     1%          3    None
d - Summon Ice Beast      Ice/Summ       ######..     1%          4    #......
e - Summon Lightning Spi  Summ/Air       ######..     1%          4    #......

Your spell library contained the following spells:

 Spells                   Type           Power        Failure   Level  Hunger
 Ensorcelled Hibernation  Hex/Ice        ####..       1%          2    None
 Summon Guardian Golem    Hex/Summ       #####...     1%          3    None
 Animate Skeleton         Necr           N/A          5%          1    None
 Apportation              Tloc           ##....       5%          1    None
 Confusing Touch          Hex            ##....       5%          1    None
 Corona                   Hex            ##.....      5%          1    None
 Pain                     Necr           ##..         5%          1    None
 Confuse                  Hex            ##......     16%         3    None
 Dazzling Spray           Conj/Hex       ##....       16%         3    None
 Gell's Gravitas          Tloc           ##........   16%         3    None
 Regeneration             Chrm/Necr      ##........   16%         3    None
 Tukima's Dance           Hex            ##......     16%         3    None
 Vampiric Draining        Necr           ##........   16%         3    None
 Metabolic Englaciation   Hex/Ice        ####......   34%         5    ####...
 Animate Dead             Necr           N/A          45%         4    #......
 Petrify                  Tmut/Erth      ##......     45%         4    #......
 Irradiate                Conj/Tmut      ##........   82%         5    ####...
 Yara's Violent Unravell  Hex/Tmut       ##........   82%         5    ####...
 Hydra Form               Tmut           ##........   100%        6    ######.
 Statue Form              Tmut/Erth      ##.......    100%        6    ######.
 Dragon Form              Tmut           ##........   100%        7    #######


Dungeon Overview and Level Annotations

Branches:
Dungeon (11/15)            Temple (1/1) D:7            Lair (0/6) D:11
    Orc (0/2) D:9

Altars:
Ashenzari
Cheibriados
Dithmenos
Elyvilon
Fedhas
Gozag
Hepliaklqana
Kikubaaqudgha
Makhleb
Nemelex Xobeh
Okawaru
Qazlal
Ru
Sif Muna
Trog
Uskayaw
Vehumet
Wu Jian
Xom
Yredelemnul
Zin
The Shining One

Annotations:
D:5 2 transporters, Ludicrosity's ghost, novice MiMo
D:10 2 transporters, jfcaron's ghost, journeyman NaFi


Message History

Your ice beast disappears in a puff of smoke!
Something hits your wolf.
Your wolf dies!
Your wolf's corpse disappears in a puff of smoke!
Found 11 stones.
Casting: Summon Lightning Spire (safe; 1% risk of failure)
Confirm with . or Enter, or press ? or * to list all spells.
Something barely misses you. The jelly hits you.
* * * LOW HITPOINT WARNING * * *
The acid corrodes you!
You are splashed with acid!
* * * LOW HITPOINT WARNING * * *
You block something's attack.
You feel better. Something hits you!
* * * LOW HITPOINT WARNING * * *
Your wolf bites something.
You block something's attack. You block the jelly's attack.
Your wolf bites something!
Something completely misses your wolf. Something hits you!
You die...

*,*,**,*,,,,,,,,,
#.*,##,*****,,,,, ********
#.*,.#.# *,,,,, *,,,,,,* *.##.#.#
***,,, *,,,,,,* *..#.#.####***,,,
*,,,,,,* *#.........,,**,*
*,,.,,,* ##.........,,,,,,
*,,....####.J......".,,,,,*
*,,.......@{.h.......,,,*,*
*,,...(#####.........,***,,
*,,.,,,* #....!....,* ***
*,,,,,,* #.........,* *,,,,,,*
#.........,*
**####*###########.#...)?.,*****
**,....##.....#.....[..#...,,,,,,
*,,....>.$.....†..###....#.*****,
,,,............<###*,..###,*,,,,,


You could see a jelly and a friendly wolf.

Vanquished Creatures
  A hornet (D:8)
  2 hippogriffs
  2 yaks (D:10)
  A two-headed ogre zombie (D:9)
  An ice beast (D:11)
  2 orc warriors (D:9)
  5 ogres
  A centaur (D:6)
  A big kobold (D:9)
  A scorpion (D:10)
  A killer bee (D:9)
  A wight (D:10)
  A crimson imp (D:5)
  3 hounds
  3 orc wizards
  A bullfrog skeleton (D:4)
  3 worker ants
  A killer bee zombie (D:8)
  An ogre zombie (D:9)
  2 hound skeletons
  A gnoll (D:9)
  8 adders
  2 shadow imps (D:10)
  An ooze (D:4)
  3 adder skeletons
  3 leopard geckos
  29 orcs
  3 bats
  3 giant cockroaches
  5 goblins
  8 hobgoblins
  7 jackals
  3 quokkas
  A ball python (D:2)
  7 frilled lizards
  7 kobolds
  A leopard gecko skeleton (D:7)
  A quokka skeleton (D:4)
  A quokka zombie (D:7)
  11 rats
139 creatures vanquished.

Vanquished Creatures (collateral kills)
  Erolcha (D:9)
  6 two-headed ogres (D:9)
  3 trolls
  Prince Ribbit (D:5)
  Sigmund (D:2)
  12 yaks
  A wyvern (D:8)
  A soldier ant (D:9)
  Edmund (D:4)
  9 orc warriors
  2 sky beasts (D:8)
  2 phantoms
  A necrophage (D:8)
  20 ogres
  3 centaurs
  2 big kobolds
  3 bullfrogs
  2 scorpions
  7 killer bees (D:9)
  2 wights (D:10)
  A crimson imp (D:8)
  2 hounds
  A jelly (D:4)
  8 orc priests
  A bullfrog skeleton (D:10)
  2 centaur skeletons
  An iguana (D:8)
  3 worker ants
  2 orc wizards (D:6)
  A hound skeleton (D:8)
  2 worker ant zombies
  4 adders
  2 gnolls
  A shadow imp (D:6)
  2 oozes
  2 worms (D:2)
  A leopard gecko (D:4)
  28 orcs
  A ball python (D:7)
  4 giant cockroaches
  3 hobgoblins
  4 jackals (D:1)
  A quokka (D:4)
  5 goblins
  4 kobolds
  A quokka skeleton (D:2)
  2 rats (D:1)
169 creatures vanquished.

Vanquished Creatures (others)
  6 plants (D:5)
6 creatures vanquished.

Grand Total: 314 creatures vanquished

Notes
Turn   | Place    | Note
-------+----------+-------------------------------------------
     0 | D:1      | silenth the Deep Elf Summoner began the quest for the Orb.
     0 | D:1      | Reached XP level 1. HP: 10/10 MP: 6/6
   264 | D:1      | Reached XP level 2. HP: 8/15 MP: 4/8
   589 | D:1      | Learned a level 2 spell: Call Imp
   973 | D:1      | Reached skill level 5 in Summonings
  1481 | D:2      | Reached XP level 3. HP: 19/19 MP: 10/10
  1487 | D:2      | Learned a level 3 spell: Call Canine Familiar
  2090 | D:2      | Reached skill level 4 in Spellcasting
  2172 | D:2      | Noticed Sigmund
  2197 | D:2      | HP: 1/19 [something (11)]
  2201 | D:2      | Killed Sigmund
  2201 | D:2      | Reached skill level 1 in Fighting
  2201 | D:2      | Reached skill level 6 in Summonings
  2201 | D:2      | Reached XP level 4. HP: 18/25 MP: 5/12
  2201 | D:2      | Reached XP level 5. HP: 21/29 MP: 5/13
  3923 | D:3      | Reached skill level 5 in Spellcasting
  4697 | D:3      | Reached XP level 6. HP: 31/35 MP: 15/15
  4988 | D:4      | Learned a level 4 spell: Summon Ice Beast
  4993 | D:4      | Learned a level 4 spell: Summon Lightning Spire
  5105 | D:4      | Noticed Edmund
  5117 | D:4      | Killed Edmund
  5117 | D:4      | Reached skill level 2 in Fighting
  5117 | D:4      | Reached skill level 7 in Summonings
  5248 | D:4      | Found an ornate altar of the Wu Jian Council.
  5267 | D:4      | Got an iridescent trident
  5268 | D:4      | Identified the +5 trident of the Skies Above {drain, +Inv
                  | Str+3} (You found it on level 4 of the Dungeon)
  5365 | D:4      | Reached skill level 1 in Ice Magic
  5365 | D:4      | Reached skill level 1 in Air Magic
  5466 | D:4      | Reached XP level 7. HP: 34/40 MP: 17/17
  5675 | D:5      | Entered Level 5 of the Dungeon
  5712 | D:5      | Noticed Prince Ribbit
  5734 | D:5      | Killed Prince Ribbit
  5881 | D:5      | Found a transporter.
  6013 | D:5      | Identified the +9 trident "Boel" {vamp, Str+2}
  6013 | D:5      | Identified the +5 scale mail of Fitilia {*Slow rN+ Int+2
                  | Dex+4 Stlth+}
  6013 | D:5      | Identified the +3 shield "Nineotil" {Stlth+}
  6029 | D:5      | Reached skill level 1 in Shields
  6077 | D:5      | Reached skill level 2 in Ice Magic
  6134 | D:5      | Reached skill level 6 in Spellcasting
  6401 | D:5      | Found a transporter.
  6401 | D:5      | Noticed Ludicrosity's ghost (novice MiMo)
  6479 | D:6      | Reached skill level 2 in Air Magic
  6890 | D:6      | Reached skill level 8 in Summonings
  6890 | D:6      | Reached XP level 8. HP: 34/45 MP: 12/19
  6908 | D:6      | Found a stormy altar of Qazlal.
  7453 | D:6      | Reached skill level 3 in Fighting
  7615 | D:7      | Noticed a hippogriff
  7629 | D:7      | Killed a hippogriff
  7629 | D:7      | Reached skill level 2 in Shields
  7629 | D:7      | Reached skill level 3 in Ice Magic
  8120 | D:7      | Reached skill level 3 in Air Magic
  8321 | D:7      | Found a staircase to the Ecumenical Temple.
  8369 | Temple   | Entered the Ecumenical Temple
  8532 | Temple   | Became a worshipper of Ashenzari the Shackled
  8801 | D:8      | Reached skill level 7 in Spellcasting
  9198 | D:8      | Reached skill level 9 in Summonings
  9198 | D:8      | Reached XP level 9. HP: 21/51 MP: 11/21
  9662 | D:8      | Reached skill level 4 in Ice Magic
  9662 | D:8      | Reached skill level 1 in Evocations
  9930 | D:9      | Noticed a troll
  9945 | D:8      | Killed a troll
 10301 | D:9      | Reached skill level 2 in Evocations
 10339 | D:9      | Reached skill level 3 in Shields
 10350 | D:9      | Reached skill level 4 in Fighting
 10350 | D:9      | Reached skill level 4 in Air Magic
 10441 | D:9      | Found a staircase to the Orcish Mines.
 10441 | D:9      | Noticed a troll
 10444 | D:9      | Reached skill level 8 in Spellcasting
 10539 | D:9      | Reached skill level 5 in Ice Magic
 10559 | D:9      | Killed a troll
 10972 | D:9      | Reached XP level 10. HP: 53/58 MP: 17/24
 11058 | D:9      | Reached skill level 5 in Air Magic
 11062 | D:9      | Reached skill level 4 in Shields
 11250 | D:9      | Noticed a two-headed ogre
 11250 | D:9      | Noticed a two-headed ogre
 11250 | D:9      | Noticed a two-headed ogre
 11280 | D:9      | Killed a two-headed ogre
 11280 | D:9      | Reached skill level 10 in Summonings
 11281 | D:9      | Killed a two-headed ogre
 11281 | D:9      | Reached skill level 5 in Fighting
 11281 | D:9      | Reached skill level 9 in Spellcasting
 11281 | D:9      | Reached skill level 6 in Ice Magic
 11518 | D:9      | Noticed a two-headed ogre
 11518 | D:9      | Noticed a two-headed ogre
 11521 | D:9      | Noticed Erolcha
 11532 | D:9      | Killed a two-headed ogre
 11539 | D:9      | Killed a two-headed ogre
 11573 | D:9      | Killed a two-headed ogre
 11734 | D:9      | Noticed a two-headed ogre
 11755 | D:9      | Killed a two-headed ogre
 11755 | D:9      | Reached skill level 6 in Air Magic
 11875 | D:9      | Killed Erolcha
 12121 | D:10     | Entered Level 10 of the Dungeon
 12252 | D:10     | Reached XP level 11. HP: 59/64 MP: 19/26
 12266 | D:10     | Reached skill level 7 in Ice Magic
 12273 | D:10     | Found a transporter.
 12380 | D:10     | Reached * piety under Ashenzari
 12435 | D:10     | Found a transporter.
 12438 | D:10     | Noticed jfcaron's ghost (journeyman NaFi)
 13281 | D:11     | Reached skill level 10 in Spellcasting
 13281 | D:11     | Reached skill level 1 in Armour
 13313 | D:11     | HP: 6/64 [something (9)]
 13314 | D:11     | Slain by an unseen horror

Levels and vault maps discovered:
D:1:      lightli_arrival_statue_moat, layout_basic
D:2:      minmay_thinvault, layout_basic, first_ration, uniq_sigmund
D:3:      layout_loops_cross
D:4:      layout_basic, lemuel_round_altar, minmay_misc_feat_plants,
          minmay_diced_spiral, uniq_edmund
D:5:      layout_cave_pools, gammafunk_ghost_gnarly_gnolls, uniq_prince_ribbit1
D:6:      layout_basic, grunt_qazlal_sundering
D:7:      layout_basic, minmay_temple_entry_fiery
D:8:      layout_basic
D:9:      lemuel_ogre_cave, layout_rooms, kennysheep_orc_monster_closet_entryway
D:10:     layout_roguey, gammafunk_ghost_mausoleum, blue_anna_alchemist
          [blue_anna_fruit_fields, blue_anna_fruit_fields]
D:11:     layout_rooms, dpeg_lair_monsters, gauntlet_entry_generic,
          nicolae_trove_entry_columns, minmay_hedge_maze, laboratory
Temple:   kilobyte_greek_temple

Skill      XL: |  1  2  3  4  5  6  7  8  9 10 11 |
---------------+----------------------------------+-----
Summonings     | 5 6 7 8 9 10 | 10.7
Spellcasting   | 4 5 6 7 8 9 10 | 10.0
Fighting       | 1 2 3 4 5 |  5.7
Ice Magic      | 1 2 3 5 6 7 |  7.1
Air Magic      | 1 2 3 4 6 |  6.4
Shields        | 1 2 3 4 |  4.0
Evocations     | 2 |  2.7
Armour         | 1 |  1.0
Polearms       | |  0.7
Dodging        | |  2.4
Stealth        | |  2.4

Action                   |  1- 3 |  4- 6 |  7- 9 | 10-12 || total
-------------------------+-------+-------+-------+-------++-------
Melee: Unarmed           |    22 |       |       |       ||    22
       Dagger            |   120 |   191 |       |       ||   311
       Trident           |       |    13 |   214 |   130 ||   357
Throw: Dart              |       |     2 |       |       ||     2
 Cast: Summon Small Mamm |    23 |       |       |       ||    23
       Call Imp          |     9 |     2 |     4 |     2 ||    17
       Call Canine Famil |     5 |     6 |    32 |    20 ||    63
       Summon Ice Beast  |       |       |    27 |    23 ||    50
       Summon Lightning  |       |       |       |     8 ||     8
Invok: Curse Item        |       |       |     6 |     1 ||     7
Evoke: Wand              |       |       |     2 |       ||     2
  Use: Potion            |     3 |       |       |     3 ||     6
       Scroll            |     1 |     3 |    14 |     2 ||    20
 Stab: Sleeping          |    11 |     9 |     5 |     3 ||    28
       Distracted        |       |     1 |     4 |       ||     5
  Eat: Chunk             |     5 |    10 |     9 |     2 ||    26
       Ration            |       |       |     4 |     2 ||     6
Armor: Robe              |    26 |    30 |    42 |    17 ||   115
Dodge: Dodged            |    94 |   155 |   106 |    54 ||   409
Block: Buckler           |       |     3 |    61 |    42 ||   106
